 Dungeon Crawl Stone Soup version 0.14-a0-2017-g4a4604d (webtiles) character file.

126 Kae the Sneak (level 3, -3/16 HPs)
             Began as a Spriggan Enchanter on Jan 18, 2014.
             Slain by a gnoll
             ... wielding a +0,+0 club
              (5 damage)
             ... on Level 2 of the Dungeon.
             The game lasted 00:01:28 (1576 turns).

Kae the Sneak (Spriggan Enchanter)                  Turns: 1576, Time: 00:01:28

HP  -3/16        AC  3     Str  5      XL: 3   Next: 21%
MP   9/9         EV 18     Int 16      God:
Gold 89          SH  0     Dex 16      Spells:  2 memorised,  4 levels left

rFire  . . .     SeeInvis +     a - +1 dagger
rCold  . . .     Clarity  .     b - +1 robe
rNeg   . . .     Conserve .     (shield restricted)
rPois  .         rCorr    .     (helmet restricted)
rElec  .         rRot     .     (no cloak)
SustAb + .       Spirit   .     (gloves unavailable)
rMut   .         Warding  .     (boots unavailable)
Saprov . . .     Stasis   .     (no amulet)
MR     .....                    (no ring)
                                f - ring of sustain abilities

@: very quick, not resistant to hostile enchantments, quite stealthy
A: unfitting armour, see invisible, herbivore 3, speed 3, slow metabolism 2
a: no special abilities


You were on level 2 of the Dungeon.
You were not hungry.

You visited 1 branch of the dungeon, and saw 2 of its levels.

You collected 89 gold pieces.

Inventory:

Hand weapons
 a - a +1,+1 dagger (weapon)
Missiles
 d - 12 darts (quivered)
 k - 3 exploding darts
Armour
 b - a +1 robe (worn)
Comestibles
 i - 2 bread rations
Scrolls
 n - a scroll of blinking {unknown}
 o - 2 scrolls of identify
 p - a scroll of immolation {unknown}
 q - a scroll of amnesia {unknown}
Jewellery
 f - a ring of sustain abilities (left hand)
Potions
 e - a potion of porridge
 g - a potion of heal wounds {unknown}
 h - a potion of brilliance {unknown}
 j - a potion of degeneration {unknown}
 l - a potion of mutation {unknown}
 m - 2 potions of curing {unknown}
Books
 c - a book of Maledictions

   Spells                             Type                      Level
   *Corona                            Hexes                        1
   Sure Blade                         Hexes/Charms                 2
   *Ensorcelled Hibernation           Hexes/Ice                    2
   Confuse                            Hexes                        3
   Enslavement                        Hexes                        4
   Invisibility                       Hexes                        6


   Skills:
 * Level 2.0 Short Blades
 - Level 1.1 Throwing
 - Level 3.0 Dodging
 * Level 4.6 Stealth
 + Level 2.7 Spellcasting
 + Level 3.9 Hexes


You had 4 spell levels left.
You knew the following spells:

 Your Spells              Type           Power        Failure   Level  Hunger
a - Corona                Hex            ##.....      4%          1    #......
b - Ensorcelled Hibernat  Hex/Ice        #.....       14%         2    ##.....


Dungeon Overview and Level Annotations

Branches:
Dungeon (2/16)

Altars:

Annotations:
D:2 Jessica


Innate Abilities, Weirdness & Mutations

You are tiny and cannot use many weapons and most armour.
You have supernaturally acute eyesight.
You are a herbivore.
You cover ground extremely quickly.
You need consume almost no food.


Message History

The gnoll is lightly wounded.
The gnoll hits you with a club. The gnoll barely misses you.
You hit the gnoll.
The gnoll is moderately wounded.
The gnoll hits you from afar with a spear.
The gnoll misses you. The gnoll closely misses you. The bat misses you.
You hit the gnoll.
The gnoll is heavily wounded.
The bat misses you. The gnoll misses you.
Jessica looks very angry.
The gnoll completely misses you.
The gnoll hits you from afar with a spear.
The gnoll barely misses you.
You hit the gnoll.
The gnoll is severely wounded.
The bat closely misses you. The gnoll hits you.
* * * LOW HITPOINT WARNING * * *
The gnoll misses you. The gnoll hits you but does no damage.
The gnoll hits you with a club.
You die...

#... ... #... .... #...
..... #... ...(..#####
###... ..........# #.....
..........# #...##
......gg.g.# #...#
...@....@..# #...#
...[..gb.%.#########.).##
.!................'.....
..........#########...##
......##### #...# .....
#...# .... ##### ###


You could see 4 gnolls, Jessica and a bat.

Vanquished Creatures
  3 giant cockroaches (D:1)
  4 hobgoblins
  3 kobolds
  7 bats
  2 giant newts
  A goblin (D:2)
  10 jackals (D:1)
  6 rats
36 creatures vanquished.

Notes
Turn   | Place    | Note
--------------------------------------------------------------
     0 | D:1      | Kae, the Spriggan Enchanter, began the quest for the Orb.
     0 | D:1      | Reached XP level 1. HP: 9/9 MP: 4/4
   327 | D:1      | Reached XP level 2. HP: 10/13 MP: 7/7
   331 | D:1      | Learned a level 2 spell: Ensorcelled Hibernation
   851 | D:1      | Reached skill level 4 in Stealth
  1311 | D:1      | Reached XP level 3. HP: 14/16 MP: 9/9
  1573 | D:2      | Noticed Jessica
  1576 | D:2      | Slain by a gnoll

Action                   || total
-------------------------++-------
Melee: Dagger            ||   139
 Cast: Ensorcelled Hiber ||     4
  Use: Scroll            ||     1
 Stab: Sleeping          ||    11
       Distracted        ||     1
